AoeStats
← 濕主請三濕

Arena

509837049Analyzed
4v4 RM · 5d ago on Sep 28, 2026· 65m 5s· 8 players
Game mode
Random Map
Map size
Large (8 player)
Population
200
Speed
Normal
Resources
Standard
Victory
Conquest
Starting age
Dark Age
Ending age
Imperial Age
RankedLock teamsTeams togetherTeam positionsShared explorationLock speedFull tech treeHidden civsTurbo modeCheats
Victory
Defeat
🇹🇷 Spanish · Türkiye
865
+16
🇹🇼 Cumans · Taiwan
859
+16
🇨🇳 Japanese · China
801
+18
🇹🇷 Khmer · Türkiye
755
+21
🇪🇸 Goths · Spain
883
-18
🇲🇽 Mongols · Mexico
854
-49
🇹🇼 Teutons · Taiwan
853
-29
🇺🇸 Lithuanians · United States
835
-17
T.S | Mo
3:08 Loom
14:48 Feudal Age
15:20 Double-Bit Axe
15:26 Stone Mining
15:27 Gold Mining
15:28 Horse Collar
26:54 Castle Age
27:09 Wheelbarrow
27:58 Caravan
28:00 Heavy Plow
28:12 Bow Saw
34:01 Imperial Age
31:13 Treadmill Crane
31:29 Murder Holes
31:44 Masonry
33:11 Husbandry
33:21 Bloodlines
34:42 Hand Cart
34:10 Cavalier
35:13 Conscription
35:25 Fervor
36:51 Architecture
37:39 Stone Shaft Mining
38:08 Hoardings
37:35 Fletching
37:56 Forging
37:51 Scale Barding Armor
37:47 Scale Mail Armor
40:50 Pikeman
41:31 Squires
41:26 Paladin
42:07 Man-at-Arms
43:49 Long Swordsman
49:35 Block Printing
51:06 Chain Mail Armor
51:26 Iron Casting
51:35 Theocracy
TWT
1:40 Loom
10:28 Feudal Age
13:09 Horse Collar
14:28 Wheelbarrow
13:53 Double-Bit Axe
19:44 Castle Age
18:44 Stone Mining
18:51 Gold Mining
22:07 Hand Cart
22:50 Stone Shaft Mining
23:46 Gold Shaft Mining
24:58 Pikeman
gabrissss
9:01 Loom
12:04 Feudal Age
16:30 Castle Age
14:47 Double-Bit Axe
15:08 Horse Collar
16:04 Gold Mining
16:11 Man-at-Arms
17:39 Scale Mail Armor
元哥
13:20 Feudal Age
13:41 Horse Collar
13:47 Double-Bit Axe
13:56 Gold Mining
20:51 Castle Age
21:31 Heavy Plow
21:46 Bow Saw
25:52 Imperial Age
27:07 Conscription
26:42 Fletching
27:11 Padded Archer Armor
26:35 Elite Skirmisher
28:30 Bodkin Arrow
29:27 Squires
29:45 Forging
29:35 Scale Mail Armor
32:14 Crop Rotation
33:28 Iron Casting
33:09 Chain Mail Armor
32:25 Pikeman
33:45 Halberdier
35:40 Two-Man Saw
36:23 Blast Furnace
36:32 Wheelbarrow
35:45 Loom
36:52 Arson
37:50 Ballistics
37:39 Siege Engineers
38:24 Stone Mining
38:54 Hand Cart
41:36 Chemistry
42:55 Onager
49:17 Siege Onager
59:45 Elite Teutonic Knight
mhmgny72
0:31 Loom
12:07 Feudal Age
13:28 Double-Bit Axe
13:26 Horse Collar
21:39 Castle Age
19:46 Gold Mining
22:34 Wheelbarrow
22:02 Stone Mining
23:18 Bow Saw
23:50 Husbandry
24:56 Coinage
27:01 Heavy Plow
27:39 Gold Shaft Mining
32:54 Imperial Age
32:01 Stone Shaft Mining
32:53 Hand Cart
33:46 Double Crossbow
33:08 Elite Ballista Elephant
33:51 Tusk Swords
34:40 Town Watch
34:54 Cavalier
35:56 Masonry
36:23 Town Patrol
36:35 Elite Skirmisher
36:36 Crossbowman
38:28 Conscription
39:04 Onager
39:53 Capped Ram
40:39 Heavy Scorpion
42:26 Hoardings
41:56 Arbalester
45:07 Architecture
44:05 Siege Ram
47:42 Hoardings
49:49 Banking
49:20 Caravan
53:08 Elite Battle Elephant
55:11 Ballistics
55:53 Chemistry
56:13 Man-at-Arms
56:14 Pikeman
56:39 Arson
61:17 Long Swordsman
SUZUKI
1:10 Loom
11:24 Feudal Age
12:02 Double-Bit Axe
14:21 Gold Mining
25:00 Castle Age
26:19 Bow Saw
33:26 Horse Collar
34:23 Gold Shaft Mining
33:55 Stone Mining
35:19 Caravan
40:11 Imperial Age
38:55 Scale Barding Armor
38:50 Scale Mail Armor
39:00 Forging
38:41 Fletching
38:52 Padded Archer Armor
39:15 Heavy Plow
39:53 Bloodlines
39:49 Squires
39:35 Arson
39:11 Pikeman
40:22 Chain Barding Armor
40:52 Wheelbarrow
40:03 Town Watch
42:46 Conscription
42:43 Steppe Husbandry
42:08 Elite Steppe Lancer
44:05 Plate Barding Armor
44:44 Two-Man Saw
45:06 Chain Mail Armor
46:27 Hand Cart
46:13 Town Patrol
47:18 Plate Mail Armor
46:45 Bodkin Arrow
47:32 Iron Casting
47:49 Steppe Husbandry
47:14 Elite Kipchak
48:32 Hoardings
47:29 Sappers
49:48 Leather Archer Armor
52:37 Blast Furnace
52:08 Ring Archer Armor
58:48 Cuman Mercenaries
60:57 Halberdier
60:57 Man-at-Arms
濕主請三濕
7:23 Loom
14:46 Feudal Age
16:15 Wheelbarrow
15:39 Double-Bit Axe
15:35 Horse Collar
19:26 Castle Age
20:28 Bow Saw
20:34 Heavy Plow
25:15 Imperial Age
24:10 Hand Cart
25:48 Town Watch
27:09 Gold Mining
29:01 Two-Man Saw
30:36 Treadmill Crane
31:16 Ballistics
32:01 Town Patrol
34:25 Forging
34:15 Scale Mail Armor
35:17 Chemistry
34:30 Masonry
34:33 Fortified Wall
36:05 Gold Shaft Mining
35:20 Stone Mining
38:34 Conscription
38:44 Squires
38:29 Arson
39:22 Iron Casting
39:02 Chain Mail Armor
38:39 Fletching
38:28 Pikeman
39:17 Halberdier
39:53 Elite Samurai
42:15 Blast Furnace
41:45 Plate Mail Armor
41:35 Siege Engineers
41:25 Murder Holes
45:14 Kataparuto
44:54 Yasama
45:30 Hoardings
44:57 Bodkin Arrow
45:03 Padded Archer Armor
45:38 Guard Tower
45:34 Arrowslits
45:54 Bracer
49:20 Leather Archer Armor
49:11 Scale Barding Armor
51:00 Keep
52:33 Ring Archer Armor
55:01 Gambesons
61:36 Onager
63:45 Chain Barding Armor
YAMAHA
2:17 Loom
10:05 Feudal Age
17:40 Castle Age
16:33 Double-Bit Axe
17:15 Horse Collar
23:05 Gold Mining
24:39 Wheelbarrow
31:10 Imperial Age
29:18 Bow Saw
29:48 Heavy Plow
32:23 Hand Cart
32:51 Ballistics
33:37 Bloodlines
33:29 Husbandry
32:50 Light Cavalry
35:00 Caravan
36:40 Two-Man Saw
35:43 Stone Mining
36:19 Fortified Wall
37:10 Chemistry
36:24 Scale Barding Armor
36:21 Cavalier
37:41 Masonry
38:41 Chain Barding Armor
38:36 Forging
39:10 Elite Conquistador
41:38 Bombard Tower
42:22 Architecture
42:35 Stone Shaft Mining
42:40 Iron Casting
41:55 Town Watch
43:39 Paladin
43:40 Hussar
44:43 Conscription
47:10 Plate Barding Armor
47:36 Blast Furnace
46:38 Scale Mail Armor
46:40 Padded Archer Armor
46:30 Fletching
55:56 Onager
56:57 Murder Holes
Connection lost

Rejoining the realm…

Still unreachable

The connection could not be restored.

Session expired

The server has moved on; the page needs a fresh start.